Map: [ESL] Royal Blood

Players

Armani

  • Race: Zerg Zerg

Nice - Winner!

  • Race: Protoss Protoss

Event: IEM Katowice 2023

VOD

Have the link to the VOD?

Description

Time

  • Played on: Feb. 8, 2023, 8:11 a.m.
  • Length: 12:26

All games in this series

Show
View Real Time Build Order
Export as new Build Order

Armani Zerg 

Build Orders: Hatch First 

Get SALT Encoding   

  12  0:00  Drone  
  13  0:12  Overlord  
  13  0:17  Drone  
  14  0:30  Drone x2  
  16  0:48  Hatchery  
  15  0:51  Drone  
  15  0:55  Drone  
  17  0:58  Drone  
  18  1:09  Extractor  
  17  1:13  Spawning Pool  
  17  1:16  Drone  
  17  1:20  Drone  
  18  1:28  Drone  
  19  1:39  Drone  
  20  1:49  Drone  
  21  2:00  Queen  
  21  2:01  Queen, Zergling x2  
  25  2:03  Overlord  
  26  2:12  Drone  
  26  2:15  Zergling x2  
  28  2:23  Drone x2  
  28  2:29  Metabolic Boost  
  30  2:37  Hatchery  
  30  2:44  Drone x2  
  31  2:47  Drone x2, Spore Crawler  
  32  2:52  Queen  
  35  3:00  Overlord  
  35  3:02  Drone  
  36  3:07  Overlord  
  36  3:18  Queen  
  36  3:19  Drone  
  39  3:21  Drone  
  39  3:22  Drone x3  
  43  3:28  Queen  
  43  3:31  Overlord  
  45  3:36  Drone  
  45  3:37  Drone  
  45  3:38  Drone  
  48  3:45  Drone  
  49  3:50  Queen  
  49  3:53  Drone  
  49  3:54  Drone x2  
  54  4:03  Zergling x6  
  54  4:04  Zergling x2  
  54  4:05  Spore Crawler  
  54  4:06  Drone  
  58  4:10  Overlord  
  58  4:13  Zergling x6  
  58  4:16  Spore Crawler  
  60  4:18  Overlord  
  60  4:20  Zergling x2  
  61  4:26  Overlord  
  61  4:34  Zergling x6  
  61  4:37  Drone  
  64  4:38  Drone  
  64  4:39  Drone x4  
  64  4:40  Drone  
  64  4:44  Drone  
  71  4:49  Roach Warren  
  70  4:57  Lair  
  70  5:05  Zergling x16  
  75  5:15  Overlord x2, Extractor  
  75  5:16  Extractor  
  75  5:20  Overlord  
  73  5:34  Roach x8  
  89  5:41  Roach x2  
  89  5:42  Overlord  
  93  5:43  Drone  
  93  5:44  Drone x2  
  96  5:50  Overlord  
  96  5:51  Overlord  
  96  5:57  Overseer  
  96  6:03  Drone x4  
  100  6:05  Glial Reconstitution  
  100  6:07  Drone  
  100  6:11  Evolution Chamber  
  93  6:24  Overseer  
  87  6:28  Drone x3  
  87  6:29  Drone x2  
  91  6:34  Roach x3  
  91  6:35  Roach x2  
  91  6:38  Drone x2  
  91  6:39  Extractor  
  102  6:41  Extractor  
  102  6:45  Drone x7  
  106  6:53  Zerg Missile Weapons Level 1  
  103  6:58  Roach  
  103  6:59  Roach x3  
  110  7:14  Roach x2  
  110  7:15  Overlord x3  
  114  7:16  Hatchery  
  114  7:19  Overlord  
  113  7:28  Overlord  
  113  7:37  Roach x8  
  113  7:43  Drone  
  124  7:54  Roach x3  
  124  7:55  Roach Warren  
  124  8:26  Overlord x5  
  124  8:37  Roach x12  
  136  8:51  Roach x7  
  146  9:01  Roach x5  
  154  9:09  Ravager  
  152  9:10  Ravager  
  152  9:11  Ravager x4  
  152  9:12  Zergling x2  
  152  9:13  Zergling x10  
  158  9:21  Roach x4  
  154  9:31  Drone  
  154  9:32  Drone x2  
  154  9:35  Ravager  
  154  9:36  Roach x3  
  163  9:40  Zergling x10  
  153  10:04  Roach x10  
  156  10:11  Zergling x12  
  122  10:25  Roach x2  
  122  10:26  Roach x4  
  122  10:34  Drone x3, Overseer  
  107  10:37  Ravager x3  
  105  10:55  Roach x9  
  116  11:16  Roach x8  
  125  11:25  Ravager x2  
  126  11:28  Roach x3  
  133  11:34  Overseer  
  133  11:38  Zergling x16  
  141  11:47  Roach  
  141  11:48  Roach x3  
  147  12:01  Zergling x16  
Show
View Real Time Build Order
Export as new Build Order

Nice Protoss - Winner!

Build Orders: 1 Gate Expand, Chargelot Immortal 

Get SALT Encoding   

  12  0:00  Probe  
  13  0:12  Probe  
  14  0:19  Pylon  
  14  0:24  Probe  
  15  0:37  Probe (Chrono Boost)  
  15  0:40  Gateway  
  16  0:49  Probe (Chrono Boost)  
  17  0:50  Assimilator  
  17  0:54  Probe (Chrono Boost)  
  18  1:04  Probe  
  19  1:16  Probe  
  20  1:28  Cybernetics Core  
  20  1:36  Nexus  
  20  1:42  Pylon  
  20  1:48  Assimilator  
  20  1:52  Probe  
  21  2:02  Adept (Chrono Boost)  
  21  2:04  Probe  
  21  2:05  Warp Gate  
  24  2:16  Probe (Chrono Boost)  
  25  2:24  Stalker  
  25  2:28  Probe (Chrono Boost)  
  28  2:34  Twilight Council  
  28  2:37  Probe (Chrono Boost)  
  29  2:42  Probe  
  30  2:49  Probe  
  31  2:54  Probe, Adept  
  34  3:01  Probe  
  34  3:03  Resonating Glaives (Chrono Boost)  
  35  3:06  Probe  
  35  3:10  Gateway  
  36  3:13  Probe  
  36  3:19  Gateway  
  37  3:20  Probe  
  37  3:24  Adept  
  40  3:28  Probe  
  40  3:34  Pylon, Probe  
  42  3:40  Probe  
  43  3:46  Probe  
  44  3:52  Probe  
  44  3:54  Pylon  
  45  4:04  Nexus  
  45  4:05  Adept  
  45  4:06  Adept  
  49  4:13  Adept  
  49  4:14  Probe x2  
  53  4:18  Charge (Chrono Boost)  
  53  4:22  Pylon  
  53  4:24  Pylon  
  53  4:30  Probe  
  54  4:33  Probe  
  54  4:36  Dark Shrine  
  55  4:42  Forge  
  55  4:43  Probe  
  55  4:45  Probe  
  57  4:46  Stalker  
  59  4:54  Adept  
  59  4:55  Probe  
  59  4:58  Adept  
  59  4:59  Probe  
  65  5:07  Shield Battery, Probe  
  65  5:12  Protoss Ground Weapons Level 1 (Chrono Boost)  
  66  5:18  Probe (Chrono Boost)  
  66  5:19  Probe x2 (Chrono Boost), Robotics Facility  
  72  5:29  Probe x2 (Chrono Boost)  
  72  5:31  Probe (Chrono Boost)  
  72  5:32  Zealot x3  
  72  5:34  Probe (Chrono Boost)  
  78  5:38  Pylon  
  78  5:42  Nexus  
  79  5:43  Probe  
  79  5:44  Probe  
  79  5:47  Pylon  
  79  5:48  Probe  
  82  5:55  Dark Templar, Probe  
  85  5:59  Dark Templar  
  85  6:03  Gateway  
  87  6:04  Probe  
  87  6:05  Gateway  
  87  6:08  Probe  
  87  6:09  Gateway  
  90  6:12  Warp Prism (Chrono Boost)  
  90  6:18  Zealot  
  85  6:38  Gateway  
  85  6:42  Immortal (Chrono Boost)  
  85  6:44  Probe  
  85  6:46  Gateway  
  90  6:48  Pylon  
  90  6:50  Probe  
  87  7:01  Zealot x5  
  87  7:03  Probe  
  87  7:04  Probe x3  
  87  7:05  Shield Battery  
  97  7:11  Immortal (Chrono Boost)  
  101  7:16  Probe  
  101  7:18  Zealot  
  101  7:19  Pylon  
  101  7:21  Probe x2  
  101  7:22  Probe  
  107  7:23  Gateway  
  107  7:24  Zealot  
  107  7:25  Pylon, Zealot x2  
  107  7:28  Probe  
  113  7:33  Probe  
  113  7:35  Probe x2  
  116  7:40  Probe, Protoss Ground Weapons Level 2 (Chrono Boost)  
  116  7:42  Observer (Chrono Boost)  
  116  7:43  Zealot  
  116  7:44  Zealot x3  
  126  7:45  Zealot x3  
  128  7:57  Probe x3  
  121  8:03  Immortal  
  123  8:06  Zealot x7  
  123  8:07  Probe  
  123  8:08  Assimilator  
  123  8:09  Assimilator, Probe  
  123  8:11  Pylon, Gateway  
  123  8:12  Pylon  
  137  8:26  Zealot x5  
  147  8:29  Pylon  
  147  8:30  Pylon  
  147  8:32  Pylon  
  145  8:34  Pylon  
  141  8:46  Zealot x8, Warp Prism (Chrono Boost)  
  145  8:51  Blink  
  137  9:01  Probe  
  134  9:09  Gateway  
  132  9:10  Gateway, Zealot x8  
  132  9:11  Zealot  
  132  9:14  Immortal (Chrono Boost)  
  132  9:33  Zealot, Stalker x4  
  132  9:34  Zealot x5  
  132  9:36  Pylon  
  132  9:37  Pylon  
  150  9:45  Photon Cannon  
  150  9:46  Shield Battery  
  150  9:47  Nexus  
  150  9:54  Zealot x5  
  150  9:57  Zealot  
  150  9:58  Zealot  
  134  10:07  Zealot x3  
  134  10:09  Immortal (Chrono Boost)  
  123  10:15  Zealot x4  
  113  10:25  Zealot x3  
  113  10:27  Dark Templar  
  113  10:28  Dark Templar  
  106  10:33  Zealot  
  102  10:46  Immortal (Chrono Boost)  
  102  10:58  Zealot x10  
  102  11:01  Shield Battery  
  122  11:10  Immortal (Chrono Boost)  
  112  11:24  Zealot x4  
  120  11:27  Dark Templar  
  122  11:32  Dark Templar  
  122  11:37  Immortal (Chrono Boost)  
  128  11:42  Zealot x6  
  128  11:46  Shield Battery  
  136  11:47  Dark Templar  
  136  11:48  Shield Battery  
  128  12:05  Zealot x4, Stalker  
  134  12:13  Zealot x4  
  128  12:20  Zealot x3  

Tags
 
Add a new tag
Caveats
  • Supply blocks, unpowered buildings, or Contaminate may cause inaccurate times.
  • Supply counts are checked every 10 seconds.